 Dungeon Crawl Stone Soup version 0.31-a0-358-gac0dbeb3ab (webtiles) character file.

Game seed: 18254456441763265657

355 Bnni the Changeling (level 6, -2/42 HPs)
             Began as an Octopode Shapeshifter on July 25, 2023.
             Was an Initiate of Gozag.
             Killed by nerve-wracking pain
             ... invoked by an orc priest
              (12 damage)
             ... on level 4 of the Dungeon.
             The game lasted 00:03:17 (2985 turns).

Bnni the Changeling (Octopode Shapeshifter)         Turns: 2985, Time: 00:03:18

Health: -2/42      AC:  5    Str: 15    XL:     6   Next: 63%
Magic:  6/6        EV: 18    Int: 10    God:    Gozag
Gold:   123        SH:  0    Dex: 14    Spells: 5/5 levels left

rFire   . .          .
                       - Unarmed
rCold   . . .        (no shield)
rNeg    . . .        c - melded +1 hat
rPois   .            (no amulet)
rElec   .            r - +5 ring of evasion
rCorr   .            t - +4 ring of protection
SInv    .            (no ring)
Will    .....        (no ring)
Stlth   ++           (no ring)
HPRegen 0.27/turn    (no ring)
MPRegen 0.10/turn    (no ring)
                     (no ring)

%: no passive effects
@: beast-form, gold aura
A: beast (slay +3), almost no armour, amphibious, 8 rings, camouflage 1,
gelatinous body 1, (nimble swimmer 1), tentacles
a: Begin Untransformation, Renounce Religion, Potion Petition, Call Merchant,
Bribe Branch


You were on level 4 of the Dungeon.
You worshipped Gozag.
Gozag was aware of your devotion.
You were a hulking beast.
You visited 2 branches of the dungeon, and saw 5 of its levels.

You collected 182 gold pieces.
You paid 59 gold pieces to Gozag.

Inventory:

Armour
 c - a +1 hat (melded)
Jewellery
 r - a +5 ring of evasion (left tentacle)
 t - a +4 ring of protection (right tentacle)
Talismans
 b - a beast talisman
Wands
 s - a wand of digging (5)
 u - a wand of flame (14)
Scrolls
 d - 2 scrolls of amnesia {unknown}
 e - a scroll of fog {unknown}
 f - 2 scrolls of noise {unknown}
 h - a scroll of immolation {unknown}
 j - 7 scrolls of identify {unknown}
 k - 2 scrolls of vulnerability {unknown}
 l - a scroll of summoning {unknown}
 n - a scroll of acquirement {unknown}
 q - 2 scrolls of teleportation {unknown}
 v - a scroll of poison {unknown}
Potions
 a - 2 potions of lignification
 g - a potion of curing {unknown}
 i - a potion of enlightenment {unknown}
 m - 2 potions of heal wounds {unknown}
 o - a potion of haste {unknown}
 p - a potion of degeneration {unknown}
 w - a potion of mutation {unknown}


   Skills:
 + Level 3.2 Fighting
 - Level 2.0 Dodging
 + Level 4.4 Unarmed Combat
 * Level 4.9 Shapeshifting


You had 5 spell levels left.
You didn't know any spells.
Your spell library contained the following spells:

 Spells                   Type           Power      Damage    Failure   Level
 Sublimation of Blood     Necr           0%         N/A       50%         2
 Ozocubu's Armour         Ice            0%         N/A       75%         3
 Summon Guardian Golem    Hex/Summ       0%         N/A       75%         3
 Petrify                  Tmut/Erth      0%         N/A       98%         4
 Irradiate                Conj/Tmut      0%         3d11      100%        5
 Orb of Destruction       Conj           0%         9d5       100%        7
 Ozocubu's Refrigeration  Ice            0%         4d7       100%        7
 Spellforged Servitor     Conj/Summ      0%         N/A       100%        7


Dungeon Overview and Level Annotations

Branches:
Dungeon (4/15)             Temple (1/1) D:4

Altars:
Ashenzari
Cheibriados
Dithmenos
Elyvilon
Fedhas
Gozag
Hepliaklqana
Kikubaaqudgha
Nemelex Xobeh
Okawaru
Qazlal
Ru
Sif Muna
Trog
Uskayaw
Vehumet
Xom
Yredelemnul
Zin
The Shining One


Innate Abilities, Weirdness & Mutations

You are a hulking beast.
Your limbs bulge with bestial killing power. (Slay +3)
You cannot wear most types of armour.
You are amphibious.
You can wear up to eight rings at the same time.
Your skin changes colour to match your surroundings (Stealth+).
Your rubbery body absorbs attacks. (AC +1, EV +1)
((You are camouflaged when in or above water. (Stealth+)))
You have tentacles for arms and can constrict up to eight enemies at once.


Message History

The orc wizard hits you with a +0 dagger.
The orc priest looks braver for a moment.
You're too confused to move!
You feel less confused.
The orc wizard points at you and mumbles some strange words.
You resist with some effort.
The orc priest calls down the wrath of Beogh upon you.
Beogh smites you!
You completely miss the orc. You grab the orc. You constrict the orc.
The orc wizard closely misses you. The orc misses you.
You closely miss the orc wizard. You grab the orc wizard.
You squeeze the orc wizard!
The orc wizard is severely wounded.
You constrict the orc wizard. You constrict the orc.
The orc wizard points at you and mumbles some strange words.
The puff of flame hits you! The orc barely misses you.
You tentacle-slap the orc wizard.
You kill the orc wizard!
You constrict the orc. The orc misses you.
You closely miss the orc priest. Your grab misses the orc priest.
You constrict the orc.
You kill the orc!
The scorpion stings you.
The orc priest is distracted by your dazzling golden aura.
The orc priest shouts!
Unknown command.
You bludgeon the orc priest!
The orc priest is no longer distracted by gold.
Your grab misses the orc priest.
The orc priest is severely wounded.
The scorpion completely misses you. The orc priest closely misses you.
Unknown command.
You tentacle-slap the scorpion. You grab the scorpion.
The scorpion is lightly wounded.
You constrict the scorpion. The scorpion stings you.
* * * LOW HITPOINT WARNING * * *
The orc priest mumbles some strange prayers to Beogh against you.
Pain shoots through your body!
You die...
Your body crumbles into a pile of gold.

.......... ##..###.........
.......#..##...##.....#.###
#..#..#.##....##.........#
.#..#..#.# #.>..#.....#.#.#
.........###.....#......#.#
.........#...##.....###...
.#..#$..$....####...## #...
..[......o$s..####...# #.#.
##..#....#h#.....#...# #.#.
#. #....#.#.#....#..# ....
. ........................
.......#.####.##.#.##..##
#.......... .... .#.# .#.
#..#.##.#.####....... .
..... #.#.# #.##.#.## # #.#
#.# !#.# ... .. .


You could see a scorpion and an orc priest.

Vanquished Creatures
  Sigmund (D:2)
  A jelly (D:4)
  An orc priest (D:3)
  An orc wizard (D:4)
  2 adders
  2 worms (D:2)
  3 dart slugs
  6 orcs
  7 ball pythons
  4 bats
  3 endoplasms
  6 hobgoblins
  3 quokkas
  6 frilled lizards
  8 goblins
  8 kobolds
  6 rats
68 creatures vanquished.

Vanquished Creatures (others)
  An adder (D:2)
1 creature vanquished.

Grand Total: 69 creatures vanquished

Notes
Turn   | Place    | Note
-------+----------+-------------------------------------------
     0 | D:1      | Bnni the Octopode Shapeshifter began the quest for the Orb.
     0 | D:1      | Reached XP level 1. HP: 13/13 MP: 1/1
   205 | D:1      | Reached XP level 2. HP: 18/18 MP: 2/2
   874 | D:2      | Reached XP level 3. HP: 24/24 MP: 3/3
  1223 | D:2      | Reached XP level 4. HP: 29/29 MP: 4/4
  1335 | D:2      | Noticed Sigmund
  1348 | D:2      | Killed Sigmund
  1349 | D:2      | Reached XP level 5. HP: 20/36 MP: 5/5
  1353 | D:2      | Reached XP level 6. HP: 21/41 MP: 6/6
  2909 | D:4      | Found a staircase to the Ecumenical Temple.
  2927 | Temple   | Entered the Ecumenical Temple
  2946 | Temple   | Became a worshipper of Gozag Ym Sagoz the Greedy
  2985 | D:4      | Killed from afar by an orc priest

Illustrated notes

Levels and vault maps discovered:
D:1:      wander_arrival_desolate, layout_loops_corners, minmay_tetromino_t4
D:2:      layout_loops_ring, uniq_sigmund
D:3:      layout_loops_corners
D:4:      layout_basic, minmay_temple_entry_wispy, uniq_menkaure
Temple:   nicolae_temple_slightly_damp_pantheon

Skill      XL: |  1  2  3  4  5  6 |
---------------+-------------------+-----
Fighting       | 2 3 |  3.2
Unarmed Combat | 4 |  4.4
Shapeshifting  | 4 |  4.9
Dodging        | |  2.0

Action                     |  1- 3 |  4- 6 || total
---------------------------+-------+-------++-------
  Melee: Unarmed           |    69 |    60 ||   129
         Constrict         |    18 |    14 ||    32
         Tentacles         |    14 |     6 ||    20
         Punch             |     1 |       ||     1
Ability: Begin Untransform |     1 |       ||     1
    Use: Potion            |       |     1 ||     1
   Stab: Sleeping          |    10 |     6 ||    16
         Distracted        |       |     1 ||     1
 Armour: Skin              |     8 |     7 ||    15
  Dodge: Dodged            |    46 |    28 ||    74
   Form: Beast             |       |     1 ||     1

Table legend: (Time is in decaauts)
 A = Elapsed time spent in this place.
 B = Non-inter-level travel time spent in this place.
 C = Inter-level travel time spent in this place.
 D = Time resting spent in this place.
 E = Time spent auto-exploring this place.
 F = Levels seen in this place.
 G = Mean time per level.
                   A        B        C        D        E       F      G
               +--------+--------+--------+--------+--------+-----+--------+
         Total |   2974 |   2871 |    103 |    112 |   2296 |   5 |  594.8 |
       Dungeon |   2936 |   2869 |     67 |    112 |   2296 |   4 |  734.0 |
        Temple |     38 |      2 |     36 |      0 |      0 |   1 |   38.0 |
               +--------+--------+--------+--------+--------+-----+--------+

Top non-repeatable levels by time:
     D:3: 980 daAuts
     D:1: 861 daAuts
     D:2: 764 daAuts
     D:4: 328 daAuts
  Temple: 38 daAuts
